 Dungeon Crawl Stone Soup version 0.24.0-1-gfbc8707 (webtiles) character file.

Game seed: 18279537645176495672, levelgen mode: deterministic

94 Fang the Skirmisher (level 4, -3/29 HPs)
             Began as a Gargoyle Berserker on Oct 31, 2019.
             Was a Believer of Trog.
             Killed from afar by an orc wizard (4 damage)
             ... with a magic dart
             ... on level 3 of the Dungeon.
             The game lasted 00:01:36 (1910 turns).

Fang the Skirmisher (Gargoyle Berserker)            Turns: 1910, Time: 00:01:37

Health: -3/29      AC:  5    Str: 22    XL:     4   Next: 63%
Magic:  4/4        EV: 16    Int:  7    God:    Trog [**....]
Gold:   150        SH:  0    Dex:  9    Spells: 3/3 levels left

rFire    . . .     SeeInvis .   a - +0 hand axe
rCold    . . .     Gourm    .   (no shield)
rNeg     + . .     Faith    .   b - +0 animal skin
rPois    ∞         Spirit   .   (no helmet)
rElec    +         Reflect  .   (no cloak)
rCorr    .         Harm     .   (no gloves)
MR       .....                  (no boots)
Stlth    ..........             (no amulet)
HPRegen  0.09/turn              f - ring of attention (curse)
MPRegen  0.09/turn              n - +4 ring of evasion

@: confused
A: negative energy resistance 1, electricity resistance, unbreathing,
petrification resistance, rot immunity, AC +3
a: Berserk, Trog's Hand, Renounce Religion


You were on level 3 of the Dungeon.
You worshipped Trog.
Trog was pleased with you.
You were not hungry.

You visited 1 branch of the dungeon, and saw 3 of its levels.

You collected 150 gold pieces.

Inventory:

Hand Weapons
 a - a +0 hand axe (weapon)
Armour
 b - a +0 animal skin (worn)
Jewellery
 f - a cursed ring of attention (left hand)
 n - a +4 ring of evasion (right hand)
Scrolls
 g - 2 scrolls of fog {unknown}
 h - 2 scrolls of magic mapping {unknown}
 i - 2 scrolls of identify {unknown}
 k - a scroll of enchant armour {unknown}
 m - a scroll of immolation {unknown}
Potions
 d - a potion of degeneration {unknown}
 e - 4 potions of curing {unknown}
 l - a potion of flight {unknown}
 o - 2 potions of heal wounds {unknown}
Comestibles
 c - 8 rations
 j - 8 chunks of flesh


   Skills:
 * Level 4.0 Fighting
 * Level 3.3 Axes
 + Level 3.1 Armour
 + Level 2.2 Dodging


You had 3 spell levels left.
You didn't know any spells.
Your spell library was empty.

Dungeon Overview and Level Annotations

Branches:
Dungeon (3/15)

Altars:


Innate Abilities, Weirdness & Mutations

You are resistant to torment.
Your stone body is resilient. (AC +3)
You are immune to poison.
You resist negative energy. (rN+)
You are resistant to electric shocks. (rElec)
You can survive without breathing.
You are immune to petrification.
You are immune to rotting.


Message History

The magic dart hits you!
A magic dart appears from out of thin air!
The magic dart hits you.
You see here a scroll labeled JYXYOT NALIJUK.
Something hits you.
You are too injured to fight recklessly!
You barely miss something.
You hear some strange, mumbled words.
You are confused.
You bump into the rock wall.
Something hits you but does no damage.
You hit something but do no damage.
You hear some strange, mumbled words.
A magic dart appears from out of thin air!
The magic dart hits you!
* * * LOW HITPOINT WARNING * * *
You bump into the rock wall.
You hear some strange, mumbled words.
A magic dart appears from out of thin air!
The magic dart hits you.
You die...

#.# #....###.# ##
#.# #........# ..
#.# ##.#######
.###.##[######...#
....#..#..........#
##...##.######....#
........#######.#.#
##...##?.....?..#.#
##. #@#########.# #
#{# .# #o# #.# #.#
#[# #.# #.#


You could see an orc.

Vanquished Creatures
  4 adders
  An ooze (D:2)
  4 dart slugs
  2 leopard geckos
  2 orcs (D:3)
  A bat (D:1)
  4 giant cockroaches
  5 goblins
  5 hobgoblins
  2 jackals (D:2)
  3 ball pythons
  2 frilled lizards
  5 kobolds
  2 rats
42 creatures vanquished.

Notes
Turn   | Place    | Note
-------+----------+-------------------------------------------
     0 | D:1      | Fang the Gargoyle Berserker began the quest for the Orb.
     0 | D:1      | Reached XP level 1. HP: 14/14 MP: 1/1
   322 | D:1      | Reached XP level 2. HP: 18/19 MP: 2/2
  1148 | D:2      | Reached XP level 3. HP: 13/23 MP: 3/3
  1453 | D:2      | Reached XP level 4. HP: 26/29 MP: 4/4
  1490 | D:2      | Reached ** piety under Trog
  1823 | D:3      | Reached skill level 4 in Fighting
  1909 | D:3      | HP: 1/29 [something/magic dart (8)]
  1910 | D:3      | Killed from afar by an orc wizard

Levels and vault maps discovered:
D:1:      roderic_lyre, layout_basic
D:2:      layout_rooms
D:3:      layout_loops_ring

Skill      XL: |  1  2  3  4 |
---------------+-------------+-----
Axes           | 3 |  3.3
Dodging        | 2 |  2.2
Armour         | 3 |  3.1
Fighting       | 4 |  4.0

Action                   |  1- 3 |  4- 6 || total
-------------------------+-------+-------++-------
Melee: Hand axe          |   106 |    52 ||   158
  Eat: Chunk             |     2 |     1 ||     3
Armor: Animal skin       |    42 |    20 ||    62
Dodge: Dodged            |    90 |    29 ||   119
